[Event "*** Titled Tuesday Blitz"]
[Site "Chess.com"]
[Date "2020.05.26"]
[Round "3"]
[White "wild_cat99"]
[Black "Stronger1799"]
[Result "1-0"]
[WhiteElo "2556"]
[BlackElo "2353"]
[TimeControl "180+1"]
[EndTime "10:26:40 PDT"]
[Termination "wild_cat99 won on time"]

1. Nf3 Nf6 2. c4 g6 3. d4 Bg7 4. Nc3 d5 5. cxd5 Nxd5 6. e4 Nxc3 7.
bxc3 c5 8. Be3 O-O 9. Be2 Qa5 10. O-O Rd8 11. Qb3 e6 12. Bg5 Rd6 13. e5 Rb6 14.
Qc4 Bd7 15. dxc5 Rb2 16. a4 Na6 17. Rab1 Rxb1 18. Rxb1 Nxc5 19. Rb5 Bxb5 20. Qxc5 Qxa4 21. Bxb5 Qa1+ 22. Bf1 a5 23. Qc7 Qb1 24. Be3 a4 25. Nd2 Qb2 26. Nc4 Qb3 27. Bc5 a3 28. Nxa3 Rxa3 29. Qd8+ 1-0

[Event "*** Titled Tuesday Blitz"]
[Site "Chess.com"]
[Date "2020.05.26"]
[Round "3"]
[White "DishonorOnYourCow"]
[Black "Artem_Sadovsky"]
[Result "0-1"]
[WhiteElo "2313"]
[BlackElo "2519"]
[TimeControl "180+1"]
[EndTime "10:26:40 PDT"]
[Termination "Artem_Sadovsky won by resignation"]

1. d4 g6 2. c4 Bg7 3. Nc3 d6 4. e4 e5 5. d5 f5 6. exf5 gxf5 7. Qh5+ Kf8 8. Bg5 Nf6 9. Qe2 Qe8 10. h3 Qg6 11. f4 Nh5 12. Qf3 h6 13. g4 hxg5 14.
gxh5 Rxh5 15. fxe5 Bxe5 16. O-O-O Na6 17. Nge2 g4 18.
Qg2 Nc5 19. hxg4 Rxh1 20. Qxh1 f4 21. Ng1 Bxg4 22. Nf3 Bxc3 23. bxc3 Qh5 24. Qxh5 Bxh5 25. Be2 Re8 26. Kd2 Ne4+ 27. Kc2 Ng3 28. Ng5 Rxe2+ 29. Kb3 Rb2+ 30. Kxb2 Bxd1 31. Ne6+ Ke7 32. Nxc7 f3 0-1

[Event "*** Titled Tuesday Blitz"]
[Site "Chess.com"]
[Date "2020.05.26"]
[Round "3"]
[White "miruna_daria28"]
[Black "larisakalinina"]
[Result "1-0"]
[WhiteElo "2269"]
[BlackElo "1957"]
[TimeControl "180+1"]
[EndTime "10:26:42 PDT"]
[Termination "miruna_daria28 won by resignation"]

1. e4 c5 2. Nf3 Nc6 3. d4 cxd4 4. Nxd4 Nf6 5. Nc3 d6 6. Bg5 Bd7 7. f3 Rc8 8. Nxc6 bxc6 9. Qd2 h6 10. Be3 Qa5 11. Bc4 g5 12. g4 Bg7 13. h4 Qe5 14.
O-O-O gxh4 15. Rxh4 Qg3 16. Rdh1 Qxf3 17. Bxh6 Nxe4 18. Nxe4 Bxg4 19. Bxg7 Rxh4 20. Rxh4 Qxe4 21. Bd3 Qg2 22. Qxg2 1-0

[Event "*** Titled Tuesday Blitz"]
[Site "Chess.com"]
[Date "2020.05.26"]
[Round "3"]
[White "Igor_Lysyj"]
[Black "Sammed_Shete"]
[Result "1-0"]
[WhiteElo "2767"]
[BlackElo "2540"]
[TimeControl "180+1"]
[EndTime "10:26:43 PDT"]
[Termination "Igor_Lysyj won by resignation"]

1. d4 Nf6 2. c4 g6 3. Nc3 d5 4. cxd5 Nxd5 5. e4 Nxc3 6. bxc3 Bg7 7. Bg5 c5 8. Rc1 O-O 9. Nf3 Qc7 10. Be2 h6 11.
Be3 e6 12. Qd2 Kh7 13. h4 Nc6 14. h5 g5 15. Bd3 f5 16. e5 Kg8 17. Bxg5 hxg5 18.
h6 Bh8 19. Nxg5 Nxe5 20. h7+ Kg7 21. dxe5 Qxe5+ 22. Kf1 Rd8 23. Qe2 Qxe2+ 24. Kxe2 e5 25. Bc4 Kf6 26. Nf7 Rf8 27. Nxh8 Kg7 28. Nf7 1-0

[Event "*** Titled Tuesday Blitz"]
[Site "Chess.com"]
[Date "2020.05.26"]
[Round "3"]
[White "NewBornNow"]
[Black "crossingthestreet"]
[Result "1-0"]
[WhiteElo "2707"]
[BlackElo "2254"]
[TimeControl "180+1"]
[EndTime "10:26:43 PDT"]
[Termination "NewBornNow won on time"]

1. e4 e6 2. d3 d5 3. Qe2 dxe4 4. dxe4 e5 5. Nf3 Nc6 6. c3 Nf6 7. Qc2 Be7 8. Bb5 Bd6 9. O-O O-O 10. Bg5 h6 11. Bh4 Bd7 12. a4 a6 13. Bc4 Qe7 14. Nbd2 g5 15. Bg3 Nh5 16. Rfe1 Nf4 17. Nf1 Be6 18. Ne3 Qd7 19. Rad1 Rad8 20. Bxe6 fxe6 21.
Nc4 Qf7 22. Bxf4 gxf4 23. b4 b5 24. axb5 axb5 25. Nb2 Kh8 26. Kh1 Rg8 27. Rg1 Qh5 28. Qe2 Na7 29. Nd3 Rg7 30. Ndxe5 Rdg8 31. Nd3 Nc6 32. e5 Be7 33. Nxf4 Qg4 34. Qe4 Rf8 35. g3 1-0

[Event "*** Titled Tuesday Blitz"]
[Site "Chess.com"]
[Date "2020.05.26"]
[Round "3"]
[White "chenrip"]
[Black "oykuince"]
[Result "1-0"]
[WhiteElo "2285"]
[BlackElo "2009"]
[TimeControl "180+1"]
[EndTime "10:26:43 PDT"]
[Termination "chenrip won by resignation"]

1. e4 c5 2. Nf3 e6 3. g3 Nc6 4. Bg2 g6 5. O-O Bg7 6. c3 Nge7 7. d4 cxd4 8. cxd4 d5 9. e5 O-O 10. Nc3 a6 11. a3 b5 12. Qd3 Qb6 13. Rd1 f6 14.
exf6 Bxf6 15. Bh6 Re8 16. Bg5 Bg7 17. g4 Rf8 18. h4 e5 19. dxe5 Be6 20. Bf6 Bxf6 21.
exf6 Rxf6 22. g5 Rff8 23. Nd4 Nxd4 24. Qxd4 Qxd4 25. Rxd4 Nf5 26. Rf4 Rad8 27. Re1 Bf7 28. h5 d4 29. Ne4 gxh5 30. Rxf5 Bg6 31. Nf6+ Kg7 32. Rd5 Rf7 33. Rxd8 1-0

[Event "*** Titled Tuesday Blitz"]
[Site "Chess.com"]
[Date "2020.05.26"]
[Round "3"]
[White "ChristopherYoo"]
[Black "LiverpooL174"]
[Result "0-1"]
[WhiteElo "2882"]
[BlackElo "2669"]
[TimeControl "180+1"]
[EndTime "10:26:44 PDT"]
[Termination "LiverpooL174 won by checkmate"]

1. e4 c6 2. d4 d5 3. e5 Bf5 4. h4 h6 5. g4 Bd7 6. h5 c5 7. dxc5 Nc6 8. f4 e6 9. Be3 d4 10. Bf2 Bxc5 11. Nd2 Nge7 12. Bd3 Nb4 13. Be4 Bc6 14. a3 Nbd5 15. Qf3 Rc8 16. Ne2 a5 17. Bxd4 Bxd4 18. Nxd4 O-O 19. Nc4 f5 20. exf6 Nxf6 21. Nxc6 Nxc6 22. Bxc6 Rxc6 23. b3 Nd5 24. O-O-O b5 25. Ne5 Rc8 26. Rd2 Qc7 27. Ng6 Rfd8 28.
Rhd1 a4 29. f5 axb3 30. Qxb3 Nf6 31. fxe6 Re8 32. Rd7 Qc5 33. Rf7 Qg5+ 34. Kb1 Qxg4 35. Rdd7 Nxd7 36. exd7 Qd1+ 37. Kb2 Qd4+ 38. Ka2 Rxc2+ 39.
Qxc2 Qd5+ 40. Kb2 Qd4+ 41. Ka2 Qd5+ 42. Kb2 Qd4+ 43. Qc3 Re2+ 44. Kb3 Qa4# 0-1

[Event "*** Titled Tuesday Blitz"]
[Site "Chess.com"]
[Date "2020.05.26"]
[Round "3"]
[White "CyberdelChess"]
[Black "JosefineHeinemann"]
[Result "0-1"]
[WhiteElo "2272"]
[BlackElo "2508"]
[TimeControl "180+1"]
[EndTime "10:26:44 PDT"]
[Termination "JosefineHeinemann won by resignation"]

1. e4 c5 2. Nf3 d6 3. d4 cxd4 4.
Nxd4 Nf6 5. Nc3 a6 6. Bg5 e6 7.
Qf3 Be7 8. O-O-O Qc7 9. Qg3 Nbd7 10. f4 b5 11. Bxf6 Nxf6 12. e5 dxe5 13. fxe5 Nd7 14. Bxb5 axb5 15. Ndxb5 Qc5 16. Qxg7 Rf8 17. Qxh7 Nxe5 18. Kb1 Bb7 19. Rhe1 Nc4 20. Qd3 Rd8 21. Qe2 Bf6 22. Rxd8+ Kxd8 23. Rd1+ Ke7 24. Qd3 Rb8 25. a4 Bc6 26. g4 Nxb2 27. Kxb2 Bxb5 28. axb5 Rxb5+ 29. Kc1 Bg5+ 30. Rd2 Bxd2+ 31. Kxd2 Rb4 32. Ne4 Qb6 33. Qc3 Rxe4 0-1

[Event "*** Titled Tuesday Blitz"]
[Site "Chess.com"]
[Date "2020.05.26"]
[Round "3"]
[White "MasterKroket"]
[Black "Kirill_Klukin"]
[Result "0-1"]
[WhiteElo "2416"]
[BlackElo "2698"]
[TimeControl "180+1"]
[EndTime "10:26:45 PDT"]
[Termination "Kirill_Klukin won by resignation"]

1. d4 Nf6 2. c4 Nc6 3. Nf3 e6 4. a3 d6 5. Nc3 g6 6. e4 Bg7 7.
h3 O-O 8. Be3 Re8 9. Be2 e5 10. d5 Nd4 11. Nxd4 exd4 12. Bxd4 Nxe4 13. Bxg7 Kxg7 14. Nxe4 Rxe4 15. O-O Qf6 16. Qc2 Bf5 17. Bd3 Rf4 18. Bxf5 Rxf5 19. Rfe1 h5 20. Re2 a5 21.
a4 Ra6 22. Rae1 Rb6 23. b3 c6 24. dxc6 bxc6 25. Re3 d5 26. cxd5 cxd5 27. Qc5 Rc6 28. Qxa5 d4 29. Re5 Rxf2 30. R5e2 Rxe2 31. Rxe2 d3 32.
Rd2 Rc1+ 33. Kh2 Qf4+ 34. g3 Qxd2+ 35. Qxd2 Rc2 0-1

[Event "*** Titled Tuesday Blitz"]
[Site "Chess.com"]
[Date "2020.05.26"]
[Round "3"]
[White "novocane"]
[Black "StockholmMissile"]
[Result "0-1"]
[WhiteElo "2197"]
[BlackElo "2410"]
[TimeControl "180+1"]
[EndTime "10:26:46 PDT"]
[Termination "StockholmMissile won by resignation"]

1. d4 d5 2. c4 c6 3. cxd5 cxd5 4. Bf4 Nc6 5. e3 Nf6 6. Nc3 Bf5 7. Qb3 Na5 8. Qa4+ Bd7 9. Qc2 Rc8 10. Bd3 e6 11. h3 Be7 12. Nf3 O-O 13. O-O Nc4 14. Ne5 Nd6 15.
Nxd7 Qxd7 16. Be5 h6 17. f3 a6 18. Rac1 Rc6 19. Qf2 Rfc8 20. Bb1 Nc4 21. Bxf6 Bxf6 22.
Na4 g6 23. Nc5 Qe7 24. b3 Nd6 25. Nd3 Nb5 26. Rxc6 Rxc6 27. Rc1 Rxc1+ 28. Nxc1 Qc7 29.
Qc2 Qa5 30. Nd3 Kg7 31. Kh2 Na3 32. Qc1 Nxb1 33. Qxb1 Qd2 34. Nc5 Qxe3 35. Nxb7 Bxd4 36. Nd6 0-1

[Event "*** Titled Tuesday Blitz"]
[Site "Chess.com"]
[Date "2020.05.26"]
[Round "3"]
[White "Caterpiller35"]
[Black "zurzan"]
[Result "1-0"]
[WhiteElo "2261"]
[BlackElo "1924"]
[TimeControl "180+1"]
[EndTime "10:26:47 PDT"]
[Termination "Caterpiller35 won by resignation"]

1. e4 Nf6 2. e5 Nd5 3. d4 d6 4.
Nf3 g6 5. Bc4 Nb6 6. Bb3 Bg7 7.
a4 a5 8. O-O O-O 9. Nbd2 Nc6 10.
h3 dxe5 11. dxe5 Nxe5 12. Nxe5 Bxe5 13. Re1 Bg7 14. Qe2 e5 15. Ne4 Bf5 16. Bg5 Qc8 17. Nf6+ Bxf6 18. Bxf6 Nd7 19. Bg5 Be6 20. Bxe6 fxe6 21.
Rad1 Rf5 22. h4 Qe8 23. Qc4 c6 24. Rd6 Qf7 25. Red1 Nf8 26. f3 Qg7 27. b3 h6 28.
Bc1 Qf6 29. Bb2 Rf4 30. Qc5 Rxh4 31. Bxe5 Qf5 32. Rd8 Rxd8 33. Rxd8 Qf7 34. Bd6 Rh5 35. Rxf8+ Qxf8 36. Bxf8 Rxc5 37. Bxc5 b5 38. Bb6 bxa4 39.
bxa4 1-0

[Event "*** Titled Tuesday Blitz"]
[Site "Chess.com"]
[Date "2020.05.26"]
[Round "3"]
[White "barbara25"]
[Black "Chessmatus"]
[Result "0-1"]
[WhiteElo "2207"]
[BlackElo "2480"]
[TimeControl "180+1"]
[EndTime "10:26:48 PDT"]
[Termination "Chessmatus won by resignation"]

1. e4 e5 2. Nf3 Nc6 3. Bc4 Bc5 4.
b4 Bxb4 5. c3 Be7 6. d4 d6 7.
O-O Nf6 8. Nbd2 O-O 9. h3 exd4 10. cxd4 Nxe4 11. Nxe4 d5 12. Bd3 dxe4 13. Bxe4 Bf6 14. Be3 Re8 15. Bc2 Be6 16. a3 Bd5 17. Rb1 Rb8 18.
Re1 Bxf3 19. Qxf3 Nxd4 20. Bxd4 Rxe1+ 21. Rxe1 Bxd4 22. Re4 Bf6 23. Rb4 b6 24. Rb3 Qd6 25. Rd3 Qe5 26. Re3 Qa1+ 27. Kh2 Rd8 28. Qe4 g6 29.
Rf3 Kg7 30. Bb3 Qe5+ 31. Qxe5 Bxe5+ 32. g3 f5 33. Kg2 Rd2 34. g4 f4 35. g5 c5 36. h4 b5 37. Be6 c4 38. a4 c3 0-1

[Event "*** Titled Tuesday Blitz"]
[Site "Chess.com"]
[Date "2020.05.26"]
[Round "3"]
[White "vaishali2001"]
[Black "rasmussvane"]
[Result "0-1"]
[WhiteElo "2620"]
[BlackElo "2850"]
[TimeControl "180+1"]
[EndTime "10:26:49 PDT"]
[Termination "rasmussvane won on time"]

1. Nf3 d5 2. g3 g6 3. Bg2 Bg7 4. d4 Nd7 5. c4 dxc4 6. Na3 Nb6 7. Nxc4 Nxc4 8. Qa4+ c6 9. Qxc4 Nf6 10. O-O O-O 11. Rd1 Be6 12. Qa4 Qb6 13. Qa3 Bd5 14. Bf4 Rfe8 15. Rac1 Bf8 16. Be5 Ng4 17. h3 Nh6 18. Qa4 Qxb2 19. Rb1 Qxe2 20. Re1 Qxa2 21. Qxa2 Bxa2 22.
Rxb7 Bd5 23. g4 a5 24. Ra1 f6 25.
Bc7 a4 26. Nd2 Nf7 27. Bxd5 cxd5 28. Nb1 Ng5 29. Nc3 e6 0-1

[Event "*** Titled Tuesday Blitz"]
[Site "Chess.com"]
[Date "2020.05.26"]
[Round "3"]
[White "Kapibara_Warri0r"]
[Black "DariaVoit"]
[Result "0-1"]
[WhiteElo "2088"]
[BlackElo "2473"]
[TimeControl "180+1"]
[EndTime "10:26:50 PDT"]
[Termination "DariaVoit won by resignation"]

1. e4 e6 2. d4 d5 3. Nc3 Bb4 4. exd5 exd5 5. Bd3 c5 6. a3 Bxc3+ 7. bxc3 c4 8. Be2 Bf5 9. a4 Nc6 10. Nf3 Nf6 11. Ba3 Ne4 12. O-O Nxc3 13. Qe1 Ne4 14. Nd2 Kd7 15. Nxe4 Bxe4 16. Bg4+ Kc7 17. Qd2 Qf6 18.
f3 Bg6 19. c3 Rae8 20. Rfe1 h5 21. Bh3 Na5 22. Qf2 h4 23. g3 Nb3 24. Rab1 Bxb1 25. Rxb1 hxg3 26. Qxg3+ Kc6 27. Kh1 Re3 28. Qg4 Qxf3+ 29.
Qxf3 Rxf3 30. Bg2 Rxc3 0-1

[Event "*** Titled Tuesday Blitz"]
[Site "Chess.com"]
[Date "2020.05.26"]
[Round "3"]
[White "MarcoRiehle"]
[Black "VojtechPlat"]
[Result "0-1"]
[WhiteElo "2646"]
[BlackElo "2896"]
[TimeControl "180+1"]
[EndTime "10:26:51 PDT"]
[Termination "VojtechPlat won by resignation"]

1. e4 d6 2. d4 Nf6 3. f3 e5 4. d5 c6 5. c4 Be7 6. Be3 a5 7. Qd2 O-O 8. Nc3 Nbd7 9. Bd3 a4 10. Nge2 Qa5 11. O-O Nc5 12. Bc2 Bd7 13. Rfd1 cxd5 14. Nxd5 Nxd5 15. Qxa5 Rxa5 16. exd5 Rc8 17.
b4 axb3 18. axb3 Rxa1 19. Rxa1 Na6 20. Nc3 f5 21. Bd1 Bf6 22. Na4 e4 23. Ra3 Bxa4 24. Rxa4 exf3 25. gxf3 Kf7 26. Ra5 Bc3 27. Rb5 Rc7 28.
Bc2 g6 29. Kg2 Bb4 30. h4 Bc5 31. Bf4 b6 32. Bxd6 Bxd6 33. Rxb6 Nb4 34. Bxf5 Bc5 35. Be6+ Kf6 36. Rb8 Nd3 37. Kf1 Nf4 38. b4 Be3 39. c5 Ra7 40. Rf8+ Ke5 41. Rxf4 Bxf4 42. b5 Kd4 43. b6 Ra1+ 44. Kg2 Kxc5 0-1

[Event "*** Titled Tuesday Blitz"]
[Site "Chess.com"]
[Date "2020.05.26"]
[Round "3"]
[White "AndrewMaco"]
[Black "A-Adly"]
[Result "0-1"]
[WhiteElo "2539"]
[BlackElo "2822"]
[TimeControl "180+1"]
[EndTime "10:26:51 PDT"]
[Termination "A-Adly won by resignation"]

1. e4 c6 2. d4 d5 3. e5 Bf5 4. Nf3 e6 5. Be2 Nd7 6. O-O Ne7 7. Nbd2 c5 8. c4 h6 9. dxc5 Nxc5 10. Nd4 a6 11. Nxf5 Nxf5 12. cxd5 Qxd5 13. Nc4 Rd8 14.
Qxd5 exd5 15. Nb6 Nd4 16. Bd1 Nc6 17. f4 Nd3 18. Be3 Nxb2 19. Bb3 d4 20. Bf2 Nd3 21. Bh4 Be7 22. Bxe7 Kxe7 23. Nd5+ Kf8 24. Rad1 Nc5 25. Nb6 d3 26. Bd5 Nb4 27. Bf3 Nxa2 28. Nc4 b5 29. Nd6 Nc3 30. Ra1 N5a4 31. Kf2 g5 32. Ke3 gxf4+ 33. Kxd3 f6 34. Kd4 Ke7 35. Kd3 fxe5 0-1

[Event "*** Titled Tuesday Blitz"]
[Site "Chess.com"]
[Date "2020.05.26"]
[Round "3"]
[White "kagg1125"]
[Black "MNyuyu"]
[Result "1-0"]
[WhiteElo "2594"]
[BlackElo "2295"]
[TimeControl "180+1"]
[EndTime "10:26:51 PDT"]
[Termination "kagg1125 won by checkmate"]

1. c4 e6 2. Nf3 d5 3. g3 Be7 4. Bg2 Nf6 5. O-O O-O 6. b3 c6 7. Bb2 Nbd7 8. d4 Ne4 9. Nfd2 f5 10.
f3 Nxd2 11. Nxd2 b6 12. e4 Bf6 13. Re1 Bb7 14. Rc1 dxe4 15. fxe4 c5 16. e5 Bxg2 17. Kxg2 Bg5 18. d5 exd5 19. cxd5 Qc7 20. Rc2 Bxd2 21. Rxd2 Rae8 22. e6 Nf6 23. Be5 Qb7 24. Bxf6 Rxf6 25. Kg1 b5 26. d6 c4 27. d7 Qb6+ 28.
Kf1 Ref8 29. e7 f4 30. exf8=Q+ Rxf8 31. Re8 fxg3+ 32. Rxf8+ Kxf8 33. d8=Q+ Kf7 34. Qxb6 axb6 35. Rd7+ Ke8 36. Qd6 cxb3 37. Re7+ Kf8 38. Rb7+ Ke8 39. Qc6+ Kd8 40. Qc7+ Ke8 41. Ra7 b2 42. Ra8# 1-0

[Event "*** Titled Tuesday Blitz"]
[Site "Chess.com"]
[Date "2020.05.26"]
[Round "3"]
[White "VishnuPrasanna"]
[Black "Sychev_Klementy"]
[Result "0-1"]
[WhiteElo "2637"]
[BlackElo "2870"]
[TimeControl "180+1"]
[EndTime "10:26:52 PDT"]
[Termination "Sychev_Klementy won by resignation"]

1. d4 Nf6 2. c4 g6 3. Nf3 Bg7 4. Nc3 d5 5. cxd5 Nxd5 6. e4 Nxc3 7. bxc3 c5 8. Bb5+ Nc6 9. Rb1 O-O 10. d5 Ne5 11.
O-O Nxf3+ 12. Qxf3 f5 13. e5 Bxe5 14. Re1 Qd6 15. Bh6 Rd8 16. Bc4 Kh8 17. Rxe5 Qxe5 18.
Bf4 Qe4 19. Qxe4 fxe4 20. Re1 Bf5 21. g4 Bxg4 22. Rxe4 Bf3 23. Rxe7 Bxd5 24. Be5+ Kg8 25.
Rg7+ Kf8 26. Bb5 Re8 27. Bxe8 Rxe8 28. Rd7 Rxe5 29. f4 Rf5 0-1

[Event "*** Titled Tuesday Blitz"]
[Site "Chess.com"]
[Date "2020.05.26"]
[Round "3"]
[White "Pultis"]
[Black "thedjoker98"]
[Result "1/2-1/2"]
[WhiteElo "2716"]
[BlackElo "2487"]
[TimeControl "180+1"]
[EndTime "10:26:53 PDT"]
[Termination "Game drawn by agreement"]

1. d4 d5 2. c4 c6 3. Nf3 Nf6 4.
cxd5 cxd5 5. Nc3 Nc6 6. Bf4 Nh5 7. Bg5 h6 8. Bd2 Nf6 9. Bf4 Nh5 10. Be5 e6 11. e3 a6 12. Bd3 Bd6 13. O-O Nf6 14.
Bxd6 Qxd6 15. Rc1 O-O 16. Qb3 e5 17. dxe5 Nxe5 18. Nxe5 Qxe5 19. Ne2 Be6 20. Qc3 Qxc3 21. Rxc3 Rac8 22. Rfc1 Rxc3 23. Rxc3 Rc8 24. f3 Kf8 25.
Kf2 Rxc3 26. bxc3 Ke7 27. g4 Kd6 28. h4 g5 29. hxg5 hxg5 30. Nd4 Nd7 31. Kg3 Ne5 32. Be2 Nc6 33. f4 Nxd4 34. exd4 f6 35. Kf3 Bd7 36.
Ke3 a5 37. a3 b6 38. Bf3 Be6 39. Bd1 Bd7 40. Kf3 Bb5 41. Bc2 Bd7 42. fxg5 fxg5 43. Bf5 Ba4 44. Ke3 Bb5 45. Kd2 Bc4 46.
Kc1 b5 47. Kd2 Ke7 48. Bc2 a4 49. Bd1 Kd6 50. Bf3 Ke7 51. Ke3 Kd6 52. Kd2 1/2-1/2

[Event "*** Titled Tuesday Blitz"]
[Site "Chess.com"]
[Date "2020.05.26"]
[Round "3"]
[White "WinstonSilvakov"]
[Black "mjray79"]
[Result "1-0"]
[WhiteElo "2106"]
[BlackElo "2288"]
[TimeControl "180+1"]
[EndTime "10:26:53 PDT"]
[Termination "WinstonSilvakov won by resignation"]

1. d4 Nf6 2. Nc3 d5 3. f3 c6 4. e4 dxe4 5. fxe4 Nbd7 6. e5 Nd5 7. Bc4 N7b6 8. Bb3 Bf5 9. Nf3 e6 10. O-O Be7 11. a4 a5 12. Qe2 O-O 13. Bd2 Rc8 14. Rad1 c5 15. Kh1 c4 16. Ba2 Bxc2 17. Bb1 Bxd1 18. Qxd1 Nxc3 19. Bxc3 Nd5 20. Bd2 g6 21. Bh6 Re8 22. Qe2 c3 23. Be4 cxb2 24. Qxb2 Bf8 25. Qd2 Bb4 26. Qf2 Be7 27. Ng5 f5 28. Nxe6 Qd7 29. Ng7 fxe4 30. Qf7+ Kh8 31. Nxe8 1-0

[Event "*** Titled Tuesday Blitz"]
[Site "Chess.com"]
[Date "2020.05.26"]
[Round "3"]
[White "manmanlai1"]
[Black "Escanor89"]
[Result "0-1"]
[WhiteElo "2360"]
[BlackElo "2559"]
[TimeControl "180+1"]
[EndTime "10:26:54 PDT"]
[Termination "Escanor89 won by resignation"]

1. e4 c5 2. Nf3 d6 3. d4 cxd4 4. Nxd4 Nf6 5. Nc3 a6 6. h3 e6 7. g4 Be7 8. Be3 Nfd7 9. f4 b5 10. Bg2 Bh4+ 11. Kd2 Be7 12. Qe2 b4 13. Na4 Bb7 14.
Rad1 Nc5 15. Nxc5 dxc5 16. Kc1 cxd4 17. Bxd4 Qa5 18. Bxg7 Rg8 19. e5 Nc6 20. Bf6 Qxa2 21. Rd3 Rc8 22. Bxe7 Kxe7 0-1

[Event "*** Titled Tuesday Blitz"]
[Site "Chess.com"]
[Date "2020.05.26"]
[Round "3"]
[White "axvesik"]
[Black "rynos0411"]
[Result "1-0"]
[WhiteElo "2544"]
[BlackElo "2338"]
[TimeControl "180+1"]
[EndTime "10:26:54 PDT"]
[Termination "axvesik won by resignation"]

1. e4 e5 2. Nf3 Nc6 3. Bb5 Nf6 4. d3 Bc5 5. c3 O-O 6. O-O d6 7. Nbd2 Bb6 8. h3 Bd7 9. Ba4 Ne7 10. Bc2 Ng6 11. Re1 Re8 12. Nf1 c6 13. Ng3 d5 14.
Qe2 Nf4 15. Qf1 Qc7 16. Nf5 dxe4 17. dxe4 Rad8 18. g3 Ne6 19. Be3 Bxe3 20. Nxe3 Nc5 21. Nc4 b5 22. Ncd2 a5 23. b4 axb4 24. cxb4 Ne6 25. Nb3 c5 26. bxc5 Nxc5 27. Rac1 Nxb3 28. Bxb3 Qb6 29. Ng5 Rf8 30. Qe2 h6 31. Nf3 Bxh3 32.
Qe3 Qb8 33. Qc5 Bg4 34. Nxe5 Bh5 35. Nc6 Qc8 36. Ne7+ 1-0

[Event "*** Titled Tuesday Blitz"]
[Site "Chess.com"]
[Date "2020.05.26"]
[Round "3"]
[White "joejan"]
[Black "Tacticusbd"]
[Result "0-1"]
[WhiteElo "2200"]
[BlackElo "2417"]
[TimeControl "180+1"]
[EndTime "10:26:54 PDT"]
[Termination "Tacticusbd won by checkmate"]

1. e4 e6 2. d3 c5 3. Nc3 Nc6 4. f4 d6 5. Nf3 g6 6. g4 h5 7. g5 Bg7 8. Bh3 Nge7 9. O-O e5 10. f5 gxf5 11. exf5 Nxf5 12. Bxf5 Bxf5 13. Nxe5 Be6 14. Nxc6 bxc6 15. Be3 Rb8 16. Qf3 d5 17. Bc1 h4 18.
Ne2 h3 19. Nf4 Qxg5+ 20. Kh1 Bg4 21. Qg3 Qf5 22. Bd2 Kd7 23. Nxh3 Rxh3 24. Qxb8 Bf3+ 25. Kg1 Qg4+ 26. Kf2 Qg2+ 27. Ke3 Bd4+ 28. Kf4 Qg4# 0-1

[Event "*** Titled Tuesday Blitz"]
[Site "Chess.com"]
[Date "2020.05.26"]
[Round "3"]
[White "FeketeBarika"]
[Black "Ba_clbaf_osed_ingo_3v21"]
[Result "0-1"]
[WhiteElo "2237"]
[BlackElo "2609"]
[TimeControl "180+1"]
[EndTime "10:26:54 PDT"]
[Termination "Ba_clbaf_osed_ingo_3v21 won by resignation"]

1. Nf3 c5 2. g3 Nc6 3. Bg2 g6 4. c4 Bg7 5. O-O Nh6 6. Nc3 Nf5 7. Rb1 O-O 8. a3 b6 9. b4 d6 10. b5 Na5 11. Qa4 Bb7 12. Bb2 e6 13. d3 Qd7 14.
Ne4 Bxb2 15. Rxb2 Kg7 16. Rd1 d5 17. cxd5 exd5 18. Nxc5 Qd6 19. Nxb7 Nxb7 20. e4 Ne7 21. Qd4+ f6 22. e5 fxe5 23. Nxe5 Qc5 24. Qxc5 Nxc5 25. Nc6 Nxc6 26. bxc6 d4 27. Rb4 Rad8 28. a4 Ne6 29.
Bh3 Ng5 30. Bd7 Nf3+ 31. Kg2 Ne5 32. Rxd4 Nxc6 33. Rd6 Nb8 34. Re1 Rxd7 0-1

[Event "*** Titled Tuesday Blitz"]
[Site "Chess.com"]
[Date "2020.05.26"]
[Round "3"]
[White "Zmeeed63"]
[Black "poummba"]
[Result "0-1"]
[WhiteElo "2221"]
[BlackElo "2488"]
[TimeControl "180+1"]
[EndTime "10:26:55 PDT"]
[Termination "poummba won by resignation"]

1. d4 g6 2. e4 Bg7 3. Nc3 e6 4. Be3 Ne7 5. Qd2 d5 6. e5 c5 7.
f4 cxd4 8. Bxd4 Nbc6 9. Bc5 O-O 10. Nf3 b6 11. Ba3 Re8 12. g4 Bb7 13. h4 d4 14.
Nb5 Nxe5 15. Nxe5 Bxh1 16. Nd6 Rf8 17. O-O-O Nc6 18. Bc4 Nxe5 19. fxe5 Bxe5 20. Nxf7 Rxf7 21. Kb1 Bd5 22. Bd3 Qxh4 23. Re1 Bg7 24. Bb5 Qxg4 25. Be2 Qh4 26. Bd6 a5 27. b3 Bh6 28. Qd3 Qxe1+ 0-1

[Event "*** Titled Tuesday Blitz"]
[Site "Chess.com"]
[Date "2020.05.26"]
[Round "3"]
[White "UCantHandleDenker"]
[Black "Shockerlover"]
[Result "1-0"]
[WhiteElo "2460"]
[BlackElo "1765"]
[TimeControl "180+1"]
[EndTime "10:26:55 PDT"]
[Termination "UCantHandleDenker won by checkmate"]

1. Nf3 Nf6 2. g3 g6 3. Bg2 Bg7 4. O-O O-O 5. c4 c6 6. Nc3 d6 7. d3 e5 8. Rb1 a5 9. a3 Na6 10. b4 axb4 11. axb4 Be6 12. Bg5 Qc7 13. b5 Nc5 14. Nd2 Ra3 15. Qc1 Rfa8 16. bxc6 bxc6 17. Bxf6 Bxf6 18. Nde4 Nxe4 19. Nxe4 Bg7 20. h4 Ra2 21. Qe3 f5 22. Ng5 Bd7 23. Rfe1 Rc2 24. Qb6 Qxb6 25. Rxb6 Raa2 26. Bxc6 Bxc6 27. Rxc6 Bf8 28.
Rc8 Rab2 29. Ne6 Kf7 30. Nxf8 Rxe2 31. Rxe2 Rxe2 32. Nxh7 Rd2 33. Rc7+ Ke6 34. Ng5+ Kf6 35. Rf7# 1-0

[Event "*** Titled Tuesday Blitz"]
[Site "Chess.com"]
[Date "2020.05.26"]
[Round "3"]
[White "realmadridtv"]
[Black "Firouzja2003"]
[Result "0-1"]
[WhiteElo "2458"]
[BlackElo "3167"]
[TimeControl "180+1"]
[EndTime "10:26:57 PDT"]
[Termination "Firouzja2003 won on time"]

1. d4 Nf6 2. c4 g6 3. g3 Bg7 4. Bg2 O-O 5. Nc3 d6 6. Nf3 Nbd7 7. O-O e5 8. e4 exd4 9. Nxd4 Re8 10. Re1 a6 11. b3 Rb8 12. Bb2 Ne5 13. h3 c5 14.
Nc2 b5 15. f4 Ned7 16. cxb5 axb5 17. b4 Nb6 18. bxc5 Nc4 19. Rb1 b4 20. cxd6 bxc3 21. Bxc3 Rxb1 22. Qxb1 Nxd6 23. Bxf6 Bxf6 24. e5 Bf5 25.
Qd1 Nc4 26. Qe2 Nb6 27. exf6 Rxe2 28. Rxe2 Bxc2 29. Bc6 Ba4 0-1

[Event "*** Titled Tuesday Blitz"]
[Site "Chess.com"]
[Date "2020.05.26"]
[Round "3"]
[White "ElGasanov"]
[Black "amiralfio"]
[Result "1-0"]
[WhiteElo "2743"]
[BlackElo "2430"]
[TimeControl "180+1"]
[EndTime "10:26:58 PDT"]
[Termination "ElGasanov won by resignation"]

1. d4 f5 2. Nf3 Nf6 3. Bg5 e6 4.
Nbd2 Be7 5. Bxf6 Bxf6 6. e4 d5 7. e5 Be7 8. c4 O-O 9. cxd5 Qxd5 10. Bc4 Qd8 11. Qb3 Qd7 12. d5 exd5 13. Bxd5+ Kh8 14. O-O Nc6 15. Rad1 Na5 16. Qd3 c6 17. Nc4 Qxd5 18. Qxd5 cxd5 19. Nxa5 Be6 20. Nd4 Bg8 21. Rc1 Rfc8 22.
Nxb7 g6 23. Nd6 Rd8 24. Rc6 Rab8 25. b3 Rb6 26. Rxb6 axb6 27. Nc6 Rd7 28. Nxe7 Rxe7 29. f4 Rc7 30. Re1 Be6 31. Nb5 Rc8 32. Nd4 Bg8 33. e6 Kg7 34. Re5 Kf6 35. Rxd5 Rc1+ 36. Kf2 Rd1 37. e7 Kxe7 38. Nc6+ 1-0

[Event "*** Titled Tuesday Blitz"]
[Site "Chess.com"]
[Date "2020.05.26"]
[Round "3"]
[White "Hydrargyrum_Girl"]
[Black "verdest"]
[Result "1/2-1/2"]
[WhiteElo "2335"]
[BlackElo "2521"]
[TimeControl "180+1"]
[EndTime "10:26:58 PDT"]
[Termination "Game drawn by repetition"]

1. d4 Nf6 2. Nc3 d5 3. Bg5 c6 4. e3 Bf5 5. Bxf6 exf6 6. g3 Nd7 7.
Bg2 Bd6 8. Nge2 O-O 9. O-O Re8 10. b3 Bg4 11. Qd3 f5 12. Na4 Nf6 13. c4 Qe7 14.
Nac3 dxc4 15. bxc4 Rad8 16. h3 Bxe2 17. Qxe2 c5 18. Qf3 Ne4 19. Nd5 Qg5 20. Rfd1 h5 21.
h4 Qg4 22. Qxg4 hxg4 23. Bxe4 fxe4 24. dxc5 Bxc5 25. Nc3 f5 26. Kf1 Kf7 27. Ke2 b6 28. Nd5 Rd7 29. a4 Red8 30. Rab1 Rd6 31. Rb5 a6 32.
Rbb1 g6 33. Nf4 Rxd1 34. Rxd1 Rxd1 35. Kxd1 Bb4 36. Nd5 Bc5 37. Kc2 a5 38. Kd1 Ke6 39. Ke2 Ke5 40. Nf4 Kf6 41. Nd5+ Ke5 42. Nc3 Kf6 43. Nb5 Ke5 44. Nc7 Kd6 45. Nd5 Ke5 1/2-1/2